 Dungeon Crawl Stone Soup version 0.31-a0-819-gf6de2f5ab6 (webtiles) character file.

Game seed: 14623037418872073833

70 qw the Shooter (level 4, -3/28 HPs)
             Began as a Gargoyle Hunter on Sept 23, 2023.
             Slain by a hobgoblin (5 damage)
             ... led by Robin
             ... on level 2 of the Dungeon.
             The game lasted 00:00:25 (1179 turns).

qw the Shooter (Gargoyle Hunter)                    Turns: 1179, Time: 00:00:25

Health: -3/28      AC:  6    Str: 14    XL:     4   Next: 22%
Magic:  4/4        EV: 11    Int: 10    God:
Gold:   34         SH:  0    Dex: 15    Spells: 3/3 levels left

rFire   . . .        Y - +0 shortbow
rCold   . . .        (shield currently unavailable)
rNeg    + . .        c - +0 leather armour
rPois   inf          (no helmet)
rElec   +            (no cloak)
rCorr   .            (no gloves)
SInv    .            (no boots)
Will    .....        (no amulet)
Stlth   ++           (no ring)
HPRegen 0.24/turn    (no ring)
MPRegen 0.09/turn

%: no passive effects
@: no status effects
A: sickness immunity, AC +3, negative energy resistance 1, electricity
resistance, torment resistance 1, petrification resistance
a: no special abilities


You were on level 2 of the Dungeon.
You visited 1 branch of the dungeon, and saw 2 of its levels.

You collected 34 gold pieces.


Innate Abilities, Weirdness & Mutations

You are immune to sickness and miasma.
Your stone body is resilient. (AC +3)
You are immune to poison.
You resist negative energy. (rN+)
You are resistant to electric shocks. (rElec)
You are resistant to unholy torment.
You are immune to petrification.


   Skills:
 - Level 3.4 Fighting
 + Level 5.0 Ranged Weapons
 - Level 1.5 Dodging
 - Level 1.1 Stealth


You had 3 spell levels left.
You didn't know any spells.
Your spell library was empty.

Inventory:

Hand Weapons
 Y - a +0 shortbow (weapon)
Armour
 c - a +0 leather armour (worn)
Scrolls
 a - 2 scrolls of immolation {unknown}
 b - a scroll of identify {unknown}
Potions
 d - a potion of mutation {unknown}

Dungeon Overview and Level Annotations

Branches:
Dungeon (2/15)

Altars:

Annotations:
D:2 Robin


Message History

The arrow hits Robin but does no damage.
Robin is moderately wounded.
Robin flexes a bicep menacingly.
You shoot an arrow. The arrow hits the goblin.
The goblin is moderately wounded.
Robin throws the goblin at you!
You shoot an arrow. The arrow barely misses the goblin.
The goblin hits you but does no damage. x3
A goblin comes into view. It is wielding a +0 club.
The goblin hits you with a +0 dagger. The goblin barely misses you.
You shoot an arrow. The arrow hits the goblin!
You kill the goblin!
The hobgoblin closely misses you. The goblin hits you but does no damage.
You shoot an arrow.
The arrow hits Robin but does no damage.
Robin is moderately wounded.
The goblin barely misses you.
A goblin comes into view. It is wielding a +0 club.
The goblin hits you with a +0 club. The hobgoblin barely misses you.
The goblin hits you with a +0 dagger. Robin hits you but does no damage.
You shoot an arrow. The arrow closely misses Robin.
The goblin shouts!
The goblin closely misses you. The goblin barely misses you.
The hobgoblin hits you. The goblin closely misses you.
Robin throws the goblin at you!
You shoot an arrow. The arrow hits Robin.
Robin is heavily wounded.
The hobgoblin hits you but does no damage.
The goblin hits you but does no damage. The goblin barely misses you.
The hobgoblin completely misses you. The goblin hits you but does no damage.
Robin throws the goblin at you!
You shoot an arrow. The arrow hits Robin.
Robin is almost dead.
The hobgoblin hits you. The goblin barely misses you.
The goblin hits you with a +0 club. The hobgoblin misses you.
The goblin hits you with a +0 dagger. Robin barely misses you.
You shoot an arrow. The arrow barely misses Robin.
The hobgoblin hits you. The goblin barely misses you. x2
The hobgoblin hits you.
You die...

##.....# ####### #......#
######.....# +......#
#.......##.# #....).#
#........#.# ####...g..#
#........#.# #.........+
+........#.# #......ggg#
#........#.## #......)@g#
#........#... #......ggg#
#.........### #.........#
##+####...#..
#.........#### #..'...#..
##......##....# #.##...#.#
........+ ....#.#......#..
........####..#.###....###
..............#...#....###
........#....####.#.......


You could see Robin, 2 hobgoblins and 5 goblins.

Vanquished Creatures
  Natasha (D:2)
  A dart slug (D:1)
  5 ball pythons (D:1)
  5 endoplasms (D:1)
  A giant cockroach (D:1)
  7 goblins
  5 hobgoblins (D:1)
  4 jackals (D:1)
  2 quokkas (D:1)
  2 bats (D:1)
  A frilled lizard (D:1)
  2 kobolds
  2 rats (D:1)
38 creatures vanquished.

Notes
Turn   | Place    | Note
-------+----------+-------------------------------------------
     0 | D:1      | qw the Gargoyle Hunter began the quest for the Orb.
     0 | D:1      | Reached XP level 1. HP: 12/12 MP: 1/1
     0 | D:1      | 0 ||| qw: Version: 0.3-a-83-gcd0e7d8
     0 | D:1      | 0 ||| qw: Game counter: 1568
     0 | D:1      | 0 ||| qw: Melee chars always use a shield: true
     0 | D:1      | 0 ||| qw: God list: Okawaru
     0 | D:1      | 0 ||| qw: Allow faded altars: false
     0 | D:1      | 0 ||| qw: Do Orc after clearing Dungeon:15 true
     0 | D:1      | 0 ||| qw: Do second Lair branch before Depths: true
     0 | D:1      | 0 ||| qw: Lair rune preference: random
     0 | D:1      | 0 ||| qw: Goals: Normal
     0 | D:1      | 0 ||| PLANNING D:1-11
   101 | D:1      | Reached XP level 2. HP: 16/17 MP: 2/2
   377 | D:1      | Reached XP level 3. HP: 21/21 MP: 3/3
   384 | D:1      | Reached skill level 5 in Ranged Weapons
   905 | D:1      | 905 ||| DROPPING ring of wizardry.
   906 | D:1      | 906 ||| READING scroll labelled CEMUGY OTEI.
   907 | D:1      | 907 ||| READING scroll labelled JUNNOP AFARAST.
   908 | D:1      | 908 ||| DROPPING scroll of butterflies.
   967 | D:2      | Noticed Natasha
   978 | D:2      | HP: 5/22 [Natasha (6)]
   980 | D:2      | Killed Natasha
   981 | D:2      | Reached skill level 3 in Fighting
   981 | D:2      | Reached XP level 4. HP: 7/28 MP: 4/4
  1166 | D:2      | Identified the +0 pair of gloves of Starshine {rElec rCorr}
  1167 | D:2      | Noticed Robin
  1178 | D:2      | HP: 4/28 [goblin/+0 dagger[Robin] (4)]
  1179 | D:2      | Slain by a hobgoblin

Levels and vault maps discovered:
D:1:      dpeg_arrival_arbitrary_b, layout_loops_corners, hex_large
D:2:      cheibrodos_fertilizer, layout_basic, uniq_natasha, uniq_robin

Skill      XL: |  1  2  3 |
---------------+----------+-----
Ranged Weapons | 5 |  5.0
Fighting       | 3 |  3.4
Dodging        | |  1.5
Stealth        | |  1.1

Action                     |  1- 3 |  4- 6 || total
---------------------------+-------+-------++-------
   Fire: Shortbow          |   105 |    13 ||   118
    Use: Scroll            |     2 |       ||     2
 Armour: Leather armour    |    40 |    19 ||    59
  Dodge: Dodged            |    31 |    14 ||    45

Table legend:
 A = Non-vault XP
 B = Vault XP
 C = Vault XP percentage of total XP
 D = Non-vault monster count
 E = Vault monster count
 F = Vault count percentage of total count
                 A         B        C        D         E       F
            +---------+---------+-------+---------+---------+-------
      Total |      60 |      41 |  40.6 |      34 |       4 |  10.5
            +---------+---------+-------+---------+---------+-------
        D:1 |      59 |       0 |   0.0 |      33 |       0 |   0.0
        D:2 |       1 |      41 |  97.6 |       1 |       4 |  80.0
            +---------+---------+-------+---------+---------+-------
